 Dungeon Crawl Stone Soup version 0.27-a0-1456-gf5a116941d (webtiles) character file.

Game seed: 11754382890353608665

1769 freelancePsychic the Slasher (level 9, -5/68 HPs)
             Began as a Human Wanderer on July 6, 2021.
             Was a Priest of Makhleb.
             Slain by an acid dragon (10 damage)
             ... on level 5 of the Dungeon.
             The game lasted 00:15:22 (8681 turns).

freelancePsychic the Slasher (Human Wanderer)       Turns: 8681, Time: 00:15:23

Health: -5/68      AC:  6    Str: 11    XL:     9   Next: 28%
Magic:  14/14      EV: 10    Int: 11    God:    Makhleb [***...]
Gold:   140        SH:  5    Dex: 18    Spells: 8/8 levels left

rFire    . . .     SeeInvis .   h - +0 scimitar
rCold    . . .     Faith    .   (no shield)
rNeg     + . .     Spirit   .   c - +0 scale mail
rPois    +         Reflect  +   (no helmet)
rElec    .         Harm     .   a - +2 ratskin cloak {*Rats rPois rN+ Str-1 Int-1 Dex+1}
rCorr    .         Rampage  .   i - +0 pair of gloves
Will     .....                  (no boots)
Stlth    +.........             p - amulet of reflection
HPRegen  0.21/turn              n - ring of poison resistance
MPRegen  0.14/turn              (no ring)

@: corroded
A: no striking features
a: Renounce Religion, Minor Destruction, Lesser Servant of Makhleb


You were on level 5 of the Dungeon.
You worshipped Makhleb.
Makhleb was most pleased with you.
You visited 1 branch of the dungeon, and saw 5 of its levels.

You collected 140 gold pieces.

Inventory:

Hand Weapons
 h - a +0 scimitar (weapon)
Missiles
 k - 21 poisoned darts
Armour
 a - the +2 ratskin cloak (worn) {*Rats rPois rN+ Str-1 Int-1 Dex+1}
   (You found it on level 5 of the Dungeon)

   Str:       It affects your strength (-1).
   Int:       It affects your intelligence (-1).
   Dex:       It affects your dexterity (+1).
   rPois:     It protects you from poison.
   rN:        It protects you from negative energy.
 c - a +0 scale mail (worn)
 i - a +0 pair of gloves (worn)
Jewellery
 n - a ring of poison resistance (left hand)
 p - an amulet of reflection (around neck)
Scrolls
 e - 2 scrolls of enchant armour
 f - a scroll of fog
Potions
 g - a potion of mutation
 j - a potion of attraction {unknown}
 m - a potion of cancellation {unknown}


   Skills:
 + Level 5.0 Fighting
 + Level 7.4 Long Blades
 - Level 3.6 Dodging
 - Level 3.0 Stealth
 - Level 1.0 Shields
 + Level 7.0 Invocations
 - Level 1.0 Evocations


You had 8 spell levels left.
You didn't know any spells.
Your spell library contained the following spells:

 Spells                   Type           Power      Damage    Failure   Level
 Animate Skeleton         Necr           0%         N/A       92%         1
 Corona                   Hex            0%         N/A       92%         1
 Freeze                   Ice            0%         1d3       92%         1
 Ensorcelled Hibernation  Hex/Ice        0%         N/A       98%         2
 Frozen Ramparts          Ice            0%         1d2       100%        3
 Tukima's Dance           Hex            0%         N/A       100%        3
 Vampiric Draining        Necr           0%         2d6       100%        3


Dungeon Overview and Level Annotations

Branches:
Dungeon (5/15)             Temple (0/1) D:4

Altars:
Cheibriados
Gozag
Makhleb
The Shining One

Shops:
D:2 (

Annotations:
D:3 Nausicaa's ghost, amateur MiBe
D:5 DocClef's ghost, weakling GnDe


Message History

Press: ? - help, Shift-Dir - straight line, f/p - acid dragon
Aim: an acid dragon The puff of flame misses the acid dragon.
The puff of flame hits DocClef's ghost!
DocClef's ghost is moderately damaged.
The acid dragon bites you. The acid dragon claws you.
Press: ? - help, Shift-Dir - straight line, f/p - acid dragon
Aim: an acid dragon The acid dragon writhes in agony.
The acid dragon spits acid at you. The splash of acid hits you.
You are splashed with acid!
You hit the acid dragon.
The acid dragon is moderately wounded.
The acid dragon spits acid at you. The splash of acid hits you!
The acid corrodes you!
You are splashed with acid!
* * * LOW HITPOINT WARNING * * *
For a moment, DocClef's ghost blends into the shadows.
You slash the acid dragon!
The acid dragon is heavily wounded.
The acid dragon closely misses you. The acid dragon misses you.
You hit the acid dragon but do no damage.
The acid dragon is heavily wounded.
The acid dragon bites you.
* * * LOW HITPOINT WARNING * * *
The acid dragon closely misses you.
Press: ? - help, Shift-Dir - straight line, f/p - acid dragon
Aim: an acid dragon (heavily wounded)
The puff of flame hits the acid dragon.
The acid dragon is severely wounded.
The acid dragon bites you.
* * * LOW HITPOINT WARNING * * *
The acid dragon claws you.
* * * LOW HITPOINT WARNING * * *
You closely miss the acid dragon.
The acid dragon is severely wounded.
You block the acid dragon's attack. The acid dragon misses you.
You closely miss the acid dragon.
The acid dragon is severely wounded.
The acid dragon bites you!
You die...

.####.# #.# ########### .# #.#
#.# #........[. .# #.# #.#
#.######... .# #.#
#.###.######.## .# #.#
#.#<.........## .# ##.#
#.#.#.######### .# #..#
####### #.#.#.# ####### .#
#.#####.....####.#.#.###.(....
.#
#.##.......WD@...........#####
.#
#.####'''#######.#...#######..
.# #.###...$$##
#.##...........
.###.##..._..∩#
#.............#
......#8$$8..8#
####.#######...
#######∩..$...# #.# #.##
##.8∩8.## #.# #.# ####### #.#
#.# #.# #.#######.##


You could see an acid dragon and DocClef's ghost.

Vanquished Creatures
  Eustachio (D:3)
  Edmund (D:4)
  A water moccasin (D:5)
  A sky beast (D:3)
  A necrophage (D:5)
  Blork the orc (D:3)
  A scorpion (D:5)
  A bullfrog (D:4)
  3 water moccasin skeletons (D:4)
  3 wights (D:4)
  2 hounds
  A jelly (D:5)
  A gnoll shaman (D:4)
  Terence (D:3)
  Natasha (twice) (D:3)
  2 hell rats (D:5)
  A killer bee zombie (D:5)
  Robin (D:3)
  10 gnolls
  A howler monkey skeleton (D:5)
  5 adders
  18 river rats (D:5)
  A white imp (D:3)
  A worm (D:4)
  5 dart slugs
  7 orcs
  9 bats
  7 endoplasms
  2 giant cockroaches
  15 goblins
  14 hobgoblins
  12 jackals
  2 quokkas (D:2)
  7 ball pythons
  4 frilled lizards
  2 hobgoblin zombies (D:3)
  10 kobolds
  A kobold zombie (D:3)
  2 orc skeletons (D:3)
  2 orc zombies (D:3)
  4 rats
166 creatures vanquished.

Vanquished Creatures (collateral kills)
  A water moccasin zombie (D:5)
  An iron imp (D:5)
  A hell rat (D:5)
3 creatures vanquished.

Vanquished Creatures (others)
  2 demonic plants (D:3)
  9 fungi (D:3)
  11 plants (D:3)
22 creatures vanquished.

Grand Total: 191 creatures vanquished

Notes
Turn   | Place    | Note
-------+----------+-------------------------------------------
     0 | D:1      | freelancePsychic the Human Wanderer began the quest for the
                  | Orb.
     0 | D:1      | freelancePsychic set off with the following items: a +2
                  | falchion, a +0 robe, a +0 dagger; and the following spells
                  | available to memorise: Animate Skeleton, Freeze, Frozen
                  | Ramparts, Vampiric Draining
     0 | D:1      | Reached XP level 1. HP: 16/16 MP: 1/1
   133 | D:1      | Reached XP level 2. HP: 20/22 MP: 2/2
   391 | D:1      | Reached XP level 3. HP: 26/28 MP: 3/3
  1134 | D:2      | Reached XP level 4. HP: 11/34 MP: 4/4
  1736 | D:2      | Found Coashrontu's Antique Weapon Shoppe.
  2245 | D:3      | Found a transporter.
  2291 | D:3      | Found a transporter.
  2316 | D:3      | Reached XP level 5. HP: 15/40 MP: 5/5
  2448 | D:3      | Noticed Nausicaa's ghost (amateur MiBe)
  2617 | D:3      | Noticed Terence
  2629 | D:3      | Killed Terence
  3180 | D:3      | Found a faded altar of an unknown god.
  3190 | D:3      | Became a worshipper of Makhleb the Destroyer
  3190 | D:3      | Reached * piety under Makhleb
  3208 | D:3      | Found a glowing golden altar of the Shining One.
  3481 | D:3      | Noticed Natasha
  3510 | D:3      | Noticed a sky beast
  3529 | D:3      | Killed a sky beast
  3530 | D:3      | Reached XP level 6. HP: 25/46 MP: 5/7
  3678 | D:3      | Killed Natasha
  3689 | D:3      | Noticed Natasha
  3825 | D:3      | Noticed Robin
  3841 | D:3      | Killed Robin
  3864 | D:3      | Reached ** piety under Makhleb
  3888 | D:3      | Identified the +2 shortbow "Goshris" {flame, Str+3 SInv
                  | Stlth+}
  4437 | D:4      | Reached XP level 7. HP: 43/51 MP: 7/9
  4558 | D:4      | Noticed Edmund
  4691 | D:4      | Killed Edmund
  4692 | D:4      | Reached skill level 5 in Long Blades
  4946 | D:4      | Found a staircase to the Ecumenical Temple.
  4958 | D:4      | Reached *** piety under Makhleb
  5039 | D:4      | Noticed Eustachio
  5101 | D:3      | Killed Eustachio
  5102 | D:3      | Reached XP level 8. HP: 14/57 MP: 11/11
  5103 | D:3      | HP: 1/57 [burnt (5)]
  5140 | D:4      | Noticed Blork the orc
  5148 | D:3      | HP: 4/85 [white imp[Natasha] (5)]
  5149 | D:3      | Killed Natasha
  5488 | D:3      | Killed Blork the orc
  5489 | D:3      | Reached skill level 5 in Invocations
  6565 | D:5      | Entered Level 5 of the Dungeon
  7355 | D:5      | Found the +2 ratskin cloak {*Rats rPois rN+ Str-1 Int-1
                  | Dex+1}
  7773 | D:5      | Reached XP level 9. HP: 57/62 MP: 13/13
  7958 | D:5      | Found a runed translucent gate.
  7959 | D:5      | Found a runed translucent gate.
  7960 | D:5      | Found a runed translucent gate.
  7961 | D:5      | Found an opulent altar of Gozag.
  7962 | D:5      | Noticed DocClef's ghost (weakling GnDe)
  8003 | D:5      | Found a snail-covered altar of Cheibriados.
  8674 | D:5      | Reached skill level 5 in Fighting
  8681 | D:5      | Slain by an acid dragon

Illustrated notes

Levels and vault maps discovered:
D:1:      tarquinn_simple_flora_water_b, layout_basic, hangedman_glass_teeth,
          hex_intersection
D:2:      layout_basic, serial_shops, shop, minivault_5, kennysheep_boxes
D:3:      minmay_chambers_of_threes, layout_basic, nicolae_tso_besieged_by_evil,
          gammafunk_ghost_gnarly_gnolls, shapermc_ecumenical_altar_gd,
          minmay_checkerbox, uniq_terence, uniq_natasha,
          uniq_crazy_yiuf_cottage, uniq_robin
D:4:      layout_cave_pods, minmay_temple_entry_crystal_x, uniq_blork_the_orc,
          uniq_eustachio, uniq_edmund
D:5:      wander_guarded_unrand_ratskin, layout_loops_ring, slow_altar_1,
          ebering_ghost_gozag

Skill      XL: |  1  2  3  4  5  6  7  8  9 |
---------------+----------------------------+-----
Dodging        | 2 3 |  3.6
Long Blades    | 3 4 5 7 |  7.4
Invocations    | 2 4 6 7 |  7.0
Fighting       | 4 5 |  5.0
Stealth        | |  3.0
Shields        | |  1.0
Evocations     | |  1.0

Action                   |  1- 3 |  4- 6 |  7- 9 || total
-------------------------+-------+-------+-------++-------
Melee: Falchion          |    78 |   184 |    77 ||   339
       Scimitar          |       |       |   164 ||   164
Throw: Dart              |       |    27 |    16 ||    43
Invok: Minor Destruction |       |       |    62 ||    62
       Lesser Servant of |       |       |     4 ||     4
  Use: Scroll            |       |     6 |     4 ||    10
       Potion            |       |       |     5 ||     5
 Stab: Sleeping          |    10 |     3 |     2 ||    15
       Distracted        |       |       |     2 ||     2
Armor: Robe              |    22 |    20 |       ||    42
       Scale mail        |       |    27 |    92 ||   119
       Skin              |       |       |    17 ||    17
Dodge: Dodged            |    63 |   108 |   138 ||   309
Block: Other             |       |       |    38 ||    38
       Rpst.: Falchion   |    18 |    40 |    19 ||    77
       Scimitar          |       |       |    28 ||    28

Table legend: (Time is in decaauts)
 A = Elapsed time spent in this place.
 B = Non-inter-level travel time spent in this place.
 C = Inter-level travel time spent in this place.
 D = Time resting spent in this place.
 E = Time spent auto-exploring this place.
 F = Levels seen in this place.
 G = Mean time per level.
                   A        B        C        D        E       F      G
               +--------+--------+--------+--------+--------+-----+--------+
         Total |   8753 |   8553 |    200 |   2527 |   4480 |   5 | 1750.6 |
       Dungeon |   8753 |   8553 |    200 |   2527 |   4480 |   5 | 1750.6 |
               +--------+--------+--------+--------+--------+-----+--------+

Top non-repeatable levels by time:
     D:3: 2728 daAuts
     D:5: 1892 daAuts
     D:4: 1674 daAuts
     D:2: 1348 daAuts
     D:1: 1109 daAuts
